 Dungeon Crawl Stone Soup version 0.27-a0-1217-g8a41f320e8 (webtiles) character file.

Game seed: 12959801056233877419

2346 bande the Chopper (level 9, -9/54 HPs)
             Began as a Gargoyle Fighter on June 6, 2021.
             Was a Follower of Okawaru.
             Shot with a bolt by an orc warrior (20 damage)
             ... in a bailey.
             The game lasted 00:11:49 (8342 turns).

bande the Chopper (Gargoyle Fighter)                Turns: 8342, Time: 00:11:49

Health: -9/54      AC: 19    Str: 29    XL:     9   Next: 43%
Magic:  10/10      EV:  7    Int:  8    God:    Okawaru [*.....]
Gold:   316        SH: 11    Dex: 10    Spells: 8/8 levels left

rFire    . . .     SeeInvis .   a - +1 war axe (flame)
rCold    . . .     Faith    .   c - +0 kite shield
rNeg     + . .     Spirit   .   n - +0 chain mail
rPois    ∞         Reflect  .   (no helmet)
rElec    +         Harm     .   r - +0 cloak
rCorr    +         Rampage  .   q - +0 pair of gloves
Will     .....                  (no boots)
Stlth    ..........             (no amulet)
HPRegen  0.18/turn              e - ring of resist corrosion
MPRegen  0.12/turn              j - +6 ring of strength

@: brilliant
A: sickness immunity, AC +6, negative energy resistance 1, electricity
resistance, torment resistance 1, petrification resistance
a: Renounce Religion, Heroism


You were in a bailey.
You worshipped Okawaru.
Okawaru was aware of your devotion.
You visited 2 branches of the dungeon, and saw 8 of its levels.
You also visited: Bailey.

You collected 316 gold pieces.

Inventory:

Hand Weapons
 a - a +1 war axe of flaming (weapon)
 l - a +0 vorpal flail
 t - a +1 mace of protection
Missiles
 m - a throwing net (quivered)
Armour
 c - a +0 kite shield (worn)
 f - a +0 cloak
 n - a +0 chain mail (worn)
 q - a +0 pair of gloves (worn)
 r - a +0 cloak (worn)
Jewellery
 e - a ring of resist corrosion (left hand)
 j - a +6 ring of strength (right hand)
 s - an amulet of regeneration
Wands
 k - a wand of paralysis (8)
Scrolls
 b - a scroll of enchant armour {unknown}
 h - 3 scrolls of teleportation
 i - a scroll of fear
Potions
 d - a potion of might
 g - a potion of invisibility
 p - 2 potions of flight


   Skills:
 + Level 5.6 Fighting
 + Level 6.8 Axes
 + Level 6.0 Armour
 - Level 2.1 Dodging
 + Level 6.7 Shields
 * Level 2.1 Invocations
 * Level 3.7 Evocations


You had 8 spell levels left.
You didn't know any spells.
Your spell library was empty.

Dungeon Overview and Level Annotations

Branches:
Dungeon (7/15)             Temple (1/1) D:6          Bailey (1/1)

Altars:
Ashenzari
Dithmenos
Elyvilon
Hepliaklqana
Kikubaaqudgha
Makhleb
Okawaru
Trog
Wu Jian
Xom
Zin


Innate Abilities, Weirdness & Mutations

You are immune to sickness and miasma.
Your stone body is resilient. (AC +6)
You are immune to poison.
You resist negative energy. (rN+)
You are resistant to electric shocks. (rElec)
You are resistant to unholy torment.
You are immune to petrification.


Message History

The orc warrior shoots a bolt.
You block the bolt.
The orc warrior shoots a bolt.
The bolt hits you.
The orc warrior shoots a bolt.
You block the bolt.
The orc warrior shoots a bolt.
The bolt barely misses you.
An orc warrior comes into view. It is wielding a +0 arbalest.
The orc warrior shoots a bolt.
The bolt hits you.
The orc warrior shoots a bolt.
The bolt hits you.
The orc warrior shoots a bolt.
The bolt hits you.
The orc warrior shoots a bolt.
The bolt hits you but does no damage.
The orc warrior shoots a bolt.
The bolt hits you!
The orc warrior shoots a bolt.
The bolt hits you.
The orc warrior shoots a bolt.
The bolt barely misses you.
The orc warrior shoots a bolt.
You block the bolt.
The orc warrior shoots a bolt.
The bolt completely misses you.
The orc warrior shoots a bolt.
The bolt hits you.
The orc warrior shoots a bolt.
You block the bolt.
The orc warrior shoots a bolt.
The bolt hits you!
* * * LOW HITPOINT WARNING * * *
The orc warrior shoots a bolt.
The bolt barely misses you.
The orc warrior shoots a bolt.
You block the bolt.
You start resting.
An orc warrior is nearby!
An orc warrior is nearby!
An orc warrior is nearby!
An orc warrior is nearby!
The orc warrior shouts!
The orc warrior shoots a bolt.
The bolt hits you!
* * * LOW HITPOINT WARNING * * *
You hear a shout!
It was a potion of brilliance.
You feel clever all of a sudden.
The orc warrior shoots a bolt.
You block the bolt.
An orc warrior comes into view. It is wielding a +0 arbalest.
The orc warrior shouts! 2 orcs come into view.
The orc shouts! x2; You hear a shout!
The orc warrior unwields a +0 arbalest.
The orc warrior hits you but does no damage.
The orc warrior shoots a bolt.
The bolt hits you!!
You die...

#......≈##oo
#......≈≈#o#
#.......≈≈≈≈
#...........
#...........
#...........
#...........
#...@o......
#...........
#...........
#...........
#...........
#...........
#...........
#.......≈≈≈≈
#......≈≈


You could see 2 orc warriors and 2 orcs.

Vanquished Creatures
  Prince Ribbit (D:5)
  Sigmund (D:5)
  A steam dragon (D:7)
  A water moccasin (D:7)
  A hornet zombie (D:6)
  A black bear (D:6)
  An ice beast (D:5)
  An ogre (D:4)
  2 centaurs
  A phantom (D:7)
  4 scorpions
  A wyvern skeleton (D:4)
  A water moccasin skeleton (D:6)
  A centaur zombie (D:6)
  5 orc priests
  2 hounds (D:5)
  2 jellies
  Natasha (thrice) (D:4)
  7 iguanas
  An orc wizard (D:6)
  A killer bee zombie (D:6)
  3 gnolls (D:4)
  8 adders
  2 white imps
  2 ufetubi (D:5)
  2 worms (D:2)
  5 dart slugs
  10 orcs
  6 ball pythons
  4 endoplasms
  4 giant cockroaches
  11 hobgoblins
  12 jackals
  5 kobolds
  3 quokkas
  6 bats
  2 frilled lizards
  9 goblins
  5 rats
138 creatures vanquished.

Notes
Turn   | Place    | Note
-------+----------+-------------------------------------------
     0 | D:1      | bande the Gargoyle Fighter began the quest for the Orb.
     0 | D:1      | Reached XP level 1. HP: 14/14 MP: 1/1
   234 | D:1      | Reached XP level 2. HP: 19/19 MP: 2/2
   782 | D:1      | Reached XP level 3. HP: 23/23 MP: 3/3
   888 | D:1      | Found a faded altar of an unknown god.
  1630 | D:2      | Reached XP level 4. HP: 29/29 MP: 4/4
  1948 | D:3      | Found an ancient bone altar of Kikubaaqudgha.
  2919 | D:3      | Found a hazy altar of Hepliaklqana.
  2960 | D:3      | Reached XP level 5. HP: 33/33 MP: 5/5
  3292 | D:4      | Reached skill level 1 in Dodging
  3665 | D:4      | Reached XP level 6. HP: 16/38 MP: 6/6
  4510 | D:4      | Noticed Natasha
  4516 | D:4      | Killed Natasha
  4674 | D:4      | Noticed Natasha
  4680 | D:4      | Killed Natasha
  4736 | D:4      | Noticed Natasha
  4749 | D:4      | Killed Natasha
  4801 | D:5      | Entered Level 5 of the Dungeon
  4801 | D:5      | Found a broken altar of Ashenzari.
  4806 | D:5      | Reached XP level 7. HP: 41/44 MP: 7/7
  5020 | D:5      | Noticed Sigmund
  5032 | D:5      | Killed Sigmund
  5033 | D:5      | Reached skill level 5 in Shields
  5033 | D:5      | Reached skill level 1 in Evocations
  5404 | D:5      | Reached skill level 5 in Axes
  5591 | D:5      | Reached skill level 5 in Fighting
  5591 | D:5      | Reached XP level 8. HP: 49/49 MP: 8/8
  5613 | D:5      | Reached skill level 5 in Armour
  6253 | D:6      | Noticed Prince Ribbit
  6357 | D:5      | Killed Prince Ribbit
  6675 | D:6      | Found a staircase to the Ecumenical Temple.
  6698 | Temple   | Entered the Ecumenical Temple
  6877 | Temple   | Became a worshipper of Warmaster Okawaru
  7253 | D:6      | Reached XP level 9. HP: 54/54 MP: 9/9
  7308 | D:6      | Reached skill level 1 in Invocations
  7886 | D:7      | Reached * piety under Okawaru
  8198 | D:7      | Found a flagged portal.
  8208 | Bailey   | Entered a bailey
  8342 | Bailey   | Shot with a bolt by an orc warrior

Illustrated notes

Levels and vault maps discovered:
D:1:      minmay_arrival_diagonal_passages, layout_loops_corners,
          hellmonk_ecumenical_altar_heavens_door
D:2:      layout_basic, nrook_campfire, columned_hall_lemuel
D:3:      layout_basic, nicolae_kikubaaqudgha_miasma_corner,
          worldfamousw_hep_ancestral_shrine
D:4:      layout_basic, minmay_misc_feat_four_crosses, st_stairs_13,
          uniq_natasha
D:5:      layout_basic, cheibrodos_ashenzari_chains, uniq_sigmund
D:6:      layout_rooms, minmay_temple_entry_trees, dk_noncrumbling_2,
          uniq_prince_ribbit1
D:7:      layout_rooms, enter_bailey_3
Temple:   regret_index_temple_sphere_string
Bailey:   bailey_polearm_2, bailey

Skill      XL: |  1  2  3  4  5  6  7  8  9 |
---------------+----------------------------+-----
Axes           | 2 3 4 5 6 |  6.8
Shields        | 4 5 6 |  6.7
Fighting       | 4 5 |  5.6
Dodging        | 1 2 |  2.1
Armour         | 4 5 6 |  6.0
Evocations     | 1 3 |  3.7
Invocations    | 2 |  2.1

Action                   |  1- 3 |  4- 6 |  7- 9 || total
-------------------------+-------+-------+-------++-------
Melee: War axe           |   143 |   154 |   183 ||   480
  Use: Scroll            |     2 |     8 |     4 ||    14
       Potion            |     1 |     6 |     2 ||     9
Armor: Scale mail        |    82 |    81 |       ||   163
       Chain mail        |       |       |   179 ||   179
Dodge: Dodged            |    66 |    53 |   100 ||   219
Block: Kite shield       |    96 |    97 |   178 ||   371

Table legend: (Time is in decaauts)
 A = Elapsed time spent in this place.
 B = Non-inter-level travel time spent in this place.
 C = Inter-level travel time spent in this place.
 D = Time resting spent in this place.
 E = Time spent auto-exploring this place.
 F = Levels seen in this place.
 G = Mean time per level.
                   A        B        C        D        E       F      G
               +--------+--------+--------+--------+--------+-----+--------+
         Total |   8602 |   8535 |     67 |   2711 |   4209 |   9 |  955.8 |
       Dungeon |   8261 |   8214 |     47 |   2640 |   4038 |   7 | 1180.1 |
        Temple |    206 |    186 |     20 |      0 |    171 |   1 |  206.0 |
        Bailey |    133 |    133 |      0 |     71 |      0 |   1 |  133.0 |
               +--------+--------+--------+--------+--------+-----+--------+

Top non-repeatable levels by time:
     D:5: 1821 daAuts
     D:4: 1617 daAuts
     D:3: 1439 daAuts
     D:1: 1240 daAuts
     D:6: 1113 daAuts
     D:2: 684 daAuts
     D:7: 344 daAuts
  Temple: 206 daAuts
  Bailey: 133 daAuts
